 Dungeon Crawl Stone Soup version 0.31-a0-982-g1816016f30 (webtiles) character file.

Game seed: 7518600207723638316

1052 BinkBink the Changeling (level 8, 0/61 HPs)
             Began as a Merfolk Shapeshifter on Nov 2, 2023.
             Slain by a lemure (6 damage)
             ... led by Pikel
             ... on level 5 of the Dungeon.
             The game lasted 00:12:06 (6872 turns).

BinkBink the Changeling (Merfolk Shapeshifter)      Turns: 6872, Time: 00:12:06

Health: 0/61       AC:  2    Str: 16    XL:     8   Next: 26%
Magic:  8/8        EV: 14    Int:  9    God:
Gold:   290        SH:  4    Dex: 14    Spells: 7/7 levels left

rFire   . .          .
                       - Unarmed
rCold   . . .        h - +0 buckler
rNeg    . . .        a - +0 animal skin
rPois   .            (helmet currently unavailable)
rElec   .            (cloak currently unavailable)
rCorr   .            (gloves currently unavailable)
SInv    .            (boots currently unavailable)
Will    .....        (no amulet)
Stlth   +            (no ring)
HPRegen 0.30/turn    (no ring)
MPRegen 0.11/turn

%: no passive effects
@: about to teleport, beast-form
A: beast (slay +4), (nimble swimmer 2), mertail
a: Begin Untransformation


You were on level 5 of the Dungeon.
You were a hulking beast.
You visited 2 branches of the dungeon, and saw 7 of its levels.

You collected 290 gold pieces.

Inventory:

Armour
 a - a +0 animal skin (worn)
 h - a +0 buckler (worn)
 k - a +0 cloak
 l - a +0 pair of boots
 p - a +2 hat
Jewellery
 u - a ring of ice
Talismans
 c - a beast talisman (active)
 d - a flux talisman
Wands
 i - a wand of flame (7)
 m - a wand of charming (14)
 n - a wand of mindburst (8)
Scrolls
 f - 2 scrolls of teleportation
 o - a scroll of identify
 q - a scroll of enchant armour
 t - a scroll of amnesia
Potions
 b - 2 potions of lignification
 e - 2 potions of curing {unknown}
 g - a potion of enlightenment
 r - 2 potions of degeneration {unknown}
 s - a potion of attraction {unknown}
 v - a potion of magic {unknown}
 w - a potion of brilliance {unknown}


   Skills:
 + Level 4.4 Fighting
 + Level 5.9 Dodging
 + Level 2.1 Shields
 + Level 5.4 Unarmed Combat
 * Level 7.9 Shapeshifting


You had 7 spell levels left.
You didn't know any spells.
Your spell library contained the following spells:

 Spells                   Type           Power      Damage    Failure   Level
 Freeze                   Ice            0%         1d3       47%         1
 Wereblood                Tmut           0%         N/A       63%         2
 Call Canine Familiar     Summ           0%         N/A       85%         3
 Frozen Ramparts          Ice            0%         1d1       85%         3
 Hailstorm                Conj/Ice       0%         3d3       85%         3
 Ozocubu's Armour         Ice            0%         N/A       85%         3
 Sigil of Binding         Hex            0%         N/A       85%         3
 Dimensional Bullseye     Hex/Tloc       0%         N/A       99%         4
 Leda's Liquefaction      Hex/Erth       0%         N/A       99%         4
 Irradiate                Conj/Tmut      0%         3d11      100%        5
 Ozocubu's Refrigeration  Ice            0%         4d7       100%        7


Dungeon Overview and Level Annotations

Branches:
Dungeon (6/15)             Temple (1/1) D:6

Altars:
Ashenzari
Cheibriados
Dithmenos
Elyvilon
Fedhas
Gozag
Hepliaklqana
Kikubaaqudgha
Makhleb
Nemelex Xobeh
Ru
Uskayaw
Vehumet
Wu Jian
Xom
Yredelemnul
Zin
The Shining One

Shops:
D:4 ?


Innate Abilities, Weirdness & Mutations

You are a hulking beast.
Your limbs bulge with bestial killing power. (Slay +4)
((You are very nimble when in or above water. (Stealth+, EV+, Speed+++)))
Your lower body shifts to a powerful aquatic tail in water.


Message History

The lemure shouts!
The lemure barely misses you.
You climb upwards.
There is a stone staircase leading down here.
You punch the ice beast!
The ice beast is moderately wounded.
You punch the ice beast!
The ice beast is heavily wounded.
The lemure hits you! The ice beast hits you. The ice beast freezes you!
You barely miss the ice beast.
The ice beast is heavily wounded.
You block the lemure's attack. The ice beast barely misses you.
Okay, then.
You hit the ice beast.
The ice beast is severely wounded.
The lemure misses you. The ice beast hits you. The ice beast freezes you!
* * * LOW HITPOINT WARNING * * *
You punch the ice beast!
You kill the ice beast!
The lemure closely misses you.
You hit the lemure.
The lemure is lightly wounded.
The lemure hits you.
* * * LOW HITPOINT WARNING * * *
You hit the lemure but do no damage.
The lemure is lightly wounded.
The lemure hits you.
* * * LOW HITPOINT WARNING * * *
You closely miss the lemure.
The lemure is lightly wounded.
The lemure hits you.
* * * LOW HITPOINT WARNING * * *
As you read the scroll of teleportation, it crumbles to dust.
You feel strangely unstable.
The gnoll bouda shouts!
You block the lemure's attack.
The gnoll bouda barks out a call to the hunt!
A gnoll comes into view. It is wielding a +0 spear.
The lemure attacks as it pursues you! The lemure hits you.
You die...

....##.##............#.#..#..###
............g........(.#.......#
..####.........................#
..####...............#####.....#
....#..................#.....###
..........................####
...........##.........#.#.##
........#.#..........####..####
......%.###.....h....#...[.#..##
.......## #......5.......##....##
.......####.......>....##.......#
.......##...............##...[..#
.........................##......
..[..##.##...............##......
...######.....................###
.### ##............g.........#
...########.............#......##


You could see a lemure, a gnoll bouda and a gnoll (wandering).

Vanquished Creatures
  A water moccasin (D:6)
  2 ice beasts (D:5)
  An ogre (D:4)
  A lemure (D:6)
  A kobold brigand (D:6)
  2 scorpions (D:5)
  A howler monkey (D:6)
  A hound (D:4)
  2 jellies
  An orc priest (D:6)
  2 orc wizards
  A sleepcap (D:4)
  An iguana (D:6)
  5 gnolls
  8 adders
  2 white imps (D:6)
  3 ufetubi
  4 dart slugs
  13 orcs
  3 bats
  2 endoplasms (D:2)
  2 giant cockroaches (D:1)
  6 goblins
  7 hobgoblins
  2 jackals (D:5)
  3 quokkas
  6 ball pythons
  5 frilled lizards
  9 kobolds
  6 rats
103 creatures vanquished.

Notes
Turn   | Place    | Note
-------+----------+-------------------------------------------
     0 | D:1      | BinkBink the Merfolk Shapeshifter began the quest for the
                  | Orb.
     0 | D:1      | Reached XP level 1. HP: 15/15 MP: 1/1
   168 | D:1      | Reached XP level 2. HP: 21/21 MP: 2/2
   569 | D:1      | Reached XP level 3. HP: 24/27 MP: 3/3
  1067 | D:2      | Found a faded altar of an unknown god.
  1178 | D:2      | Found a white marble altar of Elyvilon.
  2172 | D:3      | Reached XP level 4. HP: 33/33 MP: 4/4
  2193 | D:4      | Noticed an ogre
  2283 | D:4      | Reached skill level 5 in Shapeshifting
  2610 | D:4      | Found The Oracle's Delphic Readings.
  2706 | D:3      | Reached XP level 5. HP: 29/39 MP: 5/5
  3777 | D:4      | Killed an ogre
  3778 | D:4      | Reached skill level 6 in Shapeshifting
  3778 | D:4      | Reached XP level 6. HP: 47/47 MP: 6/6
  3991 | D:5      | Entered Level 5 of the Dungeon
  4036 | D:5      | HP: 1/47 [orc/+0 hand axe (5)]
  4425 | D:5      | Reached XP level 7. HP: 31/52 MP: 7/7
  5205 | D:5      | Found a blossoming altar of Fedhas.
  5210 | D:5      | Found an ornate altar of the Wu Jian Council.
  5213 | D:5      | Found a white marble altar of Elyvilon.
  5215 | D:5      | Found an opulent altar of Gozag.
  5267 | D:4      | Reached skill level 5 in Dodging
  5580 | D:5      | Found a hide-covered altar of Uskayaw.
  5642 | D:5      | Reached skill level 1 in Shields
  5642 | D:5      | Reached skill level 7 in Shapeshifting
  6032 | D:6      | Reached skill level 5 in Unarmed Combat
  6180 | D:6      | Found a staircase to the Ecumenical Temple.
  6186 | Temple   | Entered the Ecumenical Temple
  6329 | D:6      | Reached XP level 8. HP: 37/60 MP: 8/8
  6715 | D:6      | Noticed a two-headed ogre
  6872 | D:5      | Slain by a lemure

Illustrated notes

Levels and vault maps discovered:
D:1:      eino_arrival_cavern_e, layout_rooms
D:2:      layout_loops_ring, hellmonk_ecumenical_altar_lost_god, basic_altar
D:3:      layout_basic, serial_rivers, chequers_serial_rivers_micro_d,
          chequers_serial_rivers_room_a, chequers_serial_rivers_room_b,
          chequers_serial_rivers_small_b, kennysheep_cluttered_room,
          minmay_misc_feat_plants
D:4:      layout_cave_pods, nicolae_nh_oracle_at_delphi
D:5:      layout_cave_pools, nicolae_overflow_hallway_of_the_gods
D:6:      layout_basic, minmay_temple_entry_grid, kennysheep_decorative_pillar,
          uniq_jeremiah, uniq_pikel
Temple:   nicolae_temple_god_jail

Skill      XL: |  1  2  3  4  5  6  7  8 |
---------------+-------------------------+-----
Dodging        | 3 4 5 |  5.9
Fighting       | 2 3 4 |  4.4
Shapeshifting  | 5 6 7 |  7.9
Unarmed Combat | 4 5 |  5.4
Shields        | 1 2 |  2.1

Action                     |  1- 3 |  4- 6 |  7- 9 || total
---------------------------+-------+-------+-------++-------
  Melee: Unarmed           |   124 |   117 |   138 ||   379
         Punch             |     6 |     1 |       ||     7
  Evoke: Wand              |       |       |     1 ||     1
    Use: Scroll            |     3 |     6 |     6 ||    15
         Potion            |       |     4 |       ||     4
   Stab: Sleeping          |       |     1 |       ||     1
 Armour: Animal skin       |    48 |    58 |    74 ||   180
  Dodge: Dodged            |    82 |    71 |    74 ||   227
  Block: Buckler           |       |       |    20 ||    20
   Form: Beast             |     1 |       |       ||     1

Table legend: (Time is in decaauts)
 A = Elapsed time spent in this place.
 B = Non-inter-level travel time spent in this place.
 C = Inter-level travel time spent in this place.
 D = Time resting spent in this place.
 E = Time spent auto-exploring this place.
 F = Levels seen in this place.
 G = Mean time per level.
                   A        B        C        D        E       F      G
               +--------+--------+--------+--------+--------+-----+--------+
         Total |   6831 |   6159 |    672 |   1246 |   3719 |   7 |  975.9 |
       Dungeon |   6829 |   6157 |    672 |   1246 |   3719 |   6 | 1138.2 |
        Temple |      1 |      1 |      0 |      0 |      0 |   1 |    1.0 |
               +--------+--------+--------+--------+--------+-----+--------+

Top non-repeatable levels by time:
     D:4: 2645 daAuts
     D:6: 1094 daAuts
     D:3: 900 daAuts
     D:5: 794 daAuts
     D:2: 755 daAuts
     D:1: 639 daAuts
  Temple: 1 daAuts
